 Dungeon Crawl Stone Soup version 0.28.0-49-g6dfe1f597d (webtiles) character file.

Game seed: 1267407670677864301

21 nickcage the Skirmisher (level 2, -2/32 HPs)
             Began as an Ogre Berserker on May 11, 2022.
             Was a Follower of Trog.
             Slain by an orc
             ... wielding a +0 mace
              (6 damage)
             ... on level 3 of the Dungeon.
             The game lasted 00:01:56 (1919 turns).

nickcage the Skirmisher (Ogre Berserker)            Turns: 1919, Time: 00:01:57

Health: -2/32      AC:  3    Str: 20    XL:     2   Next: 83%
Magic:  2/2        EV: 10    Int:  8    God:    Trog [*.....]
Gold:   87         SH:  0    Dex:  8    Spells: 1/1 levels left

rFire   . . .      SeeInvis .   a - +0 mace
rCold   . . .      Faith    .   (no shield)
rNeg    . . .      Spirit   .   b - +0 animal skin
rPois   .          Reflect  .   (helmet restricted)
rElec   .          Harm     .   (no cloak)
rCorr   .          Rampage  .   (gloves unavailable)
Will    .....                   (boots unavailable)
Stlth   +.........              (no amulet)
HPRegen 0.10/turn               (no ring)
MPRegen 0.08/turn               (no ring)

@: no status effects
A: large, unfitting armour, tough skin 1
a: Renounce Religion, Berserk


You were on level 3 of the Dungeon.
You worshipped Trog.
Trog was aware of your devotion.
You visited 1 branch of the dungeon, and saw 3 of its levels.

You collected 87 gold pieces.

Inventory:

Hand Weapons
 a - a +0 mace (weapon)
Armour
 b - a +0 animal skin (worn)
Scrolls
 c - a scroll of fog {unknown}
 d - a scroll of fear {unknown}
 e - 3 scrolls of identify {unknown}
 g - a scroll of teleportation {unknown}
 i - a scroll of enchant weapon {unknown}
Potions
 f - a potion of lignification {unknown}
 h - 2 potions of brilliance {unknown}


   Skills:
 - Level 4.0 Fighting
 + Level 3.6 Maces & Flails
 - Level 2.6 Dodging


You had one spell level left.
You didn't know any spells.
Your spell library was empty.

Dungeon Overview and Level Annotations

Branches:
Dungeon (3/15)

Altars:
Qazlal


Innate Abilities, Weirdness & Mutations

You are too large for most types of armour.
You have tough skin. (AC +1)


Message History

The orc priest barely misses you.
You barely miss the orc priest.
The orc priest is moderately wounded.
The orc priest hits you with a +0 dagger.
You closely miss the orc priest.
The orc priest is moderately wounded.
You barely miss the orc. Your punch misses the orc.
You hit the orc wizard but do no damage.
The orc barely misses you.
The orc wizard hits you with a +0 dagger.
The orc closely misses you.
The orc wizard hits you with a +0 dagger.
You hit the orc wizard.
The orc wizard is moderately wounded.
The orc barely misses you.
The orc wizard hits you but does no damage.
You completely miss the orc priest.
The orc priest is moderately wounded.
The orc priest hits you with a +0 dagger.
The orc hits you with a +0 mace.
The orc wizard hits you with a +0 dagger.
You closely miss the orc priest.
The orc priest is moderately wounded.
The orc priest hits you with a +0 dagger.
The orc hits you with a +0 mace. The orc wizard closely misses you.
You sock the orc priest!
The orc priest is almost dead.
The orc priest hits you with a +0 dagger.
The orc hits you with a +0 mace. The orc wizard completely misses you.
The orc priest looks encouraged for a moment.
You hit the orc priest but do no damage.
The orc priest is almost dead.
The orc hits you with a +0 mace.
* * * LOW HITPOINT WARNING * * *
The orc wizard hits you with a +0 dagger.
* * * LOW HITPOINT WARNING * * *
The orc priest hits you with a +0 dagger.
* * * LOW HITPOINT WARNING * * *
The orc hits you with a +0 mace.
You die...

#.# #.## #<.#
##.# #.# #.#
#.# #.# #@#
#....ooo......
.......o.......
###############


You could see an orc priest, 2 orc wizards and an orc.

Vanquished Creatures
  2 endoplasms (D:1)
  2 giant cockroaches
  3 goblins
  A hobgoblin (D:1)
  2 kobolds (D:2)
  3 quokkas
  A ball python (D:1)
  A bat (D:1)
  3 rats
18 creatures vanquished.

Vanquished Creatures (others)
  3 plants (D:2)
3 creatures vanquished.

Grand Total: 21 creatures vanquished

Notes
Turn   | Place    | Note
-------+----------+-------------------------------------------
     0 | D:1      | nickcage the Ogre Berserker began the quest for the Orb.
     0 | D:1      | Reached XP level 1. HP: 24/24 MP: 1/1
   217 | D:1      | Reached XP level 2. HP: 32/32 MP: 2/2
   836 | D:1      | Found a faded altar of an unknown god.
  1165 | D:2      | Found a stormy altar of Qazlal.
  1919 | D:3      | Slain by an orc

Illustrated notes

Levels and vault maps discovered:
D:1:      elethiomel_arrival_infinity_welcomes_careful_drivers, layout_basic,
          dreamdust_ecumenical_altar_hidden_monk_grotto
D:2:      layout_loops_cross, serial_forest, infiniplex_forest_end_1,
          infiniplex_forest_straight_3, infiniplex_forest_lined_4_way,
          infiniplex_forest_clump_small, infiniplex_forest_clump_double,
          basic_altar, minmay_misc_feat_four_crosses
D:3:      layout_loops_ring, mainiacjoe_overflow_six_doors_small,
          mrwooster_statue_mirror, minmay_box_of_dots

Skill      XL: |  1 |
---------------+----+-----
Maces & Flails | 3 |  3.6
Fighting       | |  4.0
Dodging        | |  2.6

Action                   || total
-------------------------++-------
Melee: Mace              ||    73
Armor: Animal skin       ||    21
Dodge: Dodged            ||    39
